 Dungeon Crawl Stone Soup version 0.26-a0-639-g72c4674329 (webtiles) character file.

Game seed: 10211666726420526495

(classic levelgen) 4169 EnegeticOcto the Cleaver (level 10, -4/92 HPs)
             Began as a Deep Dwarf Fighter on Sept 28, 2020.
             Was a Follower of Makhleb.
             Slain by an ogre
             ... wielding a +0 giant spiked club
              (7 damage)
             ... on level 9 of the Dungeon.
             The game lasted 00:03:14 (4358 turns).

EnegeticOcto the Cleaver (Deep Dwarf Fighter)       Turns: 4358, Time: 00:03:14

Health: -4/92      AC: 17    Str: 23    XL:     10   Next: 7%
Magic:  2/2        EV:  5    Int:  9    God:    Makhleb [*.....]
Gold:   223        SH: 11    Dex: 12    Spells: 9/9 levels left

rFire    . . .     SeeInvis .   a - +0 war axe
rCold    . . .     Faith    .   c - +0 kite shield
rNeg     . . .     Spirit   .   f - +0 plate armour
rPois    .         Reflect  .   (no helmet)
rElec    .         Harm     .   w - +0 cloak
rCorr    .         Rampage  .   h - +0 pair of gloves
MR       +....                  e - +0 pair of boots
Stlth    ..........             (no amulet)
HPRegen  0.00/turn              (no ring)
MPRegen  0.08/turn              (no ring)

@: non-regenerating
A: damage resistance, heal wounds, sense surroundings 2, no regeneration
a: Heal Wounds, Renounce Religion


You were on level 9 of the Dungeon.
You worshipped Makhleb.
Makhleb was aware of your devotion.
You visited 2 branches of the dungeon, and saw 10 of its levels.

You collected 292 gold pieces.
You spent 69 gold pieces at shops.

Inventory:

Hand Weapons
 a - a +0 war axe (weapon)
Missiles
 j - a throwing net (quivered)
Armour
 b - a +0 scale mail
 c - a +0 kite shield (worn)
 e - a +0 pair of boots (worn)
 f - a +0 plate armour (worn)
 h - a +0 pair of gloves (worn)
 w - a +0 cloak (worn)
Wands
 o - a wand of iceblast (8) {@v2}
Scrolls
 g - 2 scrolls of remove curse {@r2}
 i - 6 scrolls of teleportation {@r3}
 l - a scroll of enchant weapon {unknown}
 r - 2 scrolls of magic mapping {@r5}
 t - 2 scrolls of fear
 y - a scroll of fog
Potions
 d - a potion of might {@q3}
 k - a potion of cancellation
 s - 4 potions of haste {@q4}
 u - 2 potions of ambrosia
 z - 2 potions of lignification {@q7}
 A - 2 potions of flight
 B - 2 potions of stabbing {unknown}
 C - a potion of curing {unknown}


   Skills:
 + Level 6.4 Fighting
 * Level 10.1 Axes
 + Level 7.8 Armour
 + Level 7.7 Shields
 + Level 4.0 Invocations


You had 9 spell levels left.
You didn't know any spells.
Your spell library was empty.

Dungeon Overview and Level Annotations

Branches:
Dungeon (9/15)             Temple (1/1) D:6
   Lair: D:8-11         Orc: D:9-12

Altars:
Ashenzari
Cheibriados
Dithmenos
Elyvilon
Fedhas
Gozag
Kikubaaqudgha
Makhleb
Qazlal
Sif Muna
Trog
Uskayaw
Wu Jian
Yredelemnul
Zin
The Shining One

Shops:
D:4 *   D:6 [   D:7 *


Innate Abilities, Weirdness & Mutations

You are resistant to damage.
You can heal yourself by infusing magical energy.
You passively map the area around you.
You do not regenerate.


Message History

Makhleb accepts your kill.
No target in view!
No target in view!
No target in view!
No target in view!
No target in view!
No target in view!
No target in view!
No target in view!
No target in view!
No target in view!
Found a scroll labeled JIAVAY GATUMNID.
Things that are here:
a +0 club; an orc corpse
Items here: )) [[ †.
l - a scroll labeled JIAVAY GATUMNID You now have 223 gold pieces (gained 5).
An orc comes into view.
The orc throws a boomerang.
You block the boomerang.
The weapon returns to the orc!
An orc is nearby!
An orc is nearby!
An adder and an ogre come into view.
The ogre shouts!
The adder hisses angrily.
You hear two shouts!
You hear a screech!
A jelly comes into view.
An orc comes into view.
A two-headed ogre comes into view.
It is wielding a +0 giant club and a +0 giant spiked club.
The orc shouts!
You hear a shout!
An orc comes into view. It is wielding a +0 mace.
The orc shouts!
You slash the jelly!
Your hands burn!
The jelly is severely wounded.
A hippogriff comes into view.
The jelly hits you but does no damage.
You hit the jelly.
Your hands burn!
The jelly is severely wounded.
An orc comes into view.
The jelly hits you but does no damage.
You completely miss the jelly.
The jelly is severely wounded.
You hit the two-headed ogre.
The two-headed ogre is lightly wounded.
You hit the two-headed ogre but do no damage.
The two-headed ogre is lightly wounded.
The two-headed ogre hits you with a +0 giant club.
The two-headed ogre barely misses you.
You hit the two-headed ogre.
The two-headed ogre is lightly wounded.
You hit the ogre. You closely miss the two-headed ogre.
The two-headed ogre is lightly wounded.
You slice the ogre!! The ogre barely misses you.
The two-headed ogre hits you but does no damage.
You block the two-headed ogre's attack.
You hit the ogre.
The ogre is almost dead.
You hit the two-headed ogre.
The ogre hits you with a +0 giant spiked club!
The two-headed ogre hits you with a +0 giant club!
* * * LOW HITPOINT WARNING * * *
The two-headed ogre hits you with a +0 giant spiked club!
* * * LOW HITPOINT WARNING * * *
You are too injured to fight recklessly!
You are too injured to fight recklessly!
You are too injured to fight recklessly!
You are too injured to fight recklessly!
You are too injured to fight recklessly!
You are too injured to fight recklessly!
You are too injured to fight recklessly!
You are too injured to fight recklessly!
You are too injured to fight recklessly!
You are too injured to fight recklessly!
You are too injured to fight recklessly!
You are too injured to fight recklessly!
You are too injured to fight recklessly!
You are too injured to fight recklessly!
You are too injured to fight recklessly!
You are too injured to fight recklessly!
You are too injured to fight recklessly!
You are too injured to fight recklessly!
You are too injured to fight recklessly!
You are too injured to fight recklessly!
You are too injured to fight recklessly!
You are too injured to fight recklessly!
You are too injured to fight recklessly!
You are too injured to fight recklessly!
You are too injured to fight recklessly!
You are too injured to fight recklessly!
You are too injured to fight recklessly!
You hit the ogre but do no damage.
The ogre is almost dead.
You barely miss the two-headed ogre. You block the ogre's attack.
The two-headed ogre hits you with a +0 giant club!!
* * * LOW HITPOINT WARNING * * *
The two-headed ogre hits you but does no damage.
You hit the ogre.
The ogre is almost dead.
You hit the two-headed ogre.
You block the two-headed ogre's attack. x2
The ogre hits you with a +0 giant spiked club!
You die... * * ** , , , * * ,..#, * * * , , .o. , , *, * * **#o#*>, * * * #oo ** #S## * ** ,,, , #JH

, , ###### #O#####.#
#....#.#@O.....# *
#....#...#######
#####....###.....# *
#......<.)....##.# *
#.............##.# *
#....[..#)....##.#
#.....#.#.....##.#####
#######..............#
###.....##.....#


You could see a two-headed ogre, a hippogriff, an ogre, a jelly, an adder and 4
orcs.

Vanquished Creatures
  A two-headed ogre (D:8)
  Pikel (D:5)
  Grinder (D:5)
  Prince Ribbit (D:5)
  Sigmund (D:4)
  3 yaks (D:4)
  2 steam dragons (D:7)
  2 ogres (D:5)
  A sky beast (D:5)
  2 black bears (D:7)
  An ice beast (D:6)
  A centaur (D:8)
  Blork the orc (D:6)
  A scorpion (D:8)
  9 wights
  Crazy Yiuf (D:5)
  3 hounds
  4 orc wizards
  A bullfrog skeleton (D:5)
  2 gnoll shamans
  A jelly (D:6)
  An iguana (D:4)
  3 worker ants
  A hound zombie (D:8)
  3 hound skeletons
  7 adders
  9 gnolls (D:4)
  3 white imps
  4 ufetubi
  An adder zombie (D:8)
  4 adder skeletons
  The ghost of Lanoc the Covert, a weakling GnDe (D:5)
  2 dart slugs (D:1)
  A leopard gecko (D:4)
  10 orcs
  A giant cockroach (D:8)
  3 goblins
  6 jackals
  A kobold (D:3)
  4 quokkas
  A ball python (D:5)
  2 frilled lizards
108 creatures vanquished.

Vanquished Creatures (others)
  7 fungi (D:7)
7 creatures vanquished.

Grand Total: 115 creatures vanquished

Notes
Turn   | Place    | Note
-------+----------+-------------------------------------------
     0 | D:1      | EnegeticOcto the Deep Dwarf Fighter began the quest for the
                  | Orb.
     0 | D:1      | Reached XP level 1. HP: 20/20 MP: 1/1
   138 | D:1      | Reached XP level 2. HP: 24/27 MP: 2/2
   179 | D:4      | Reached skill level 3 in Axes
   179 | D:4      | Reached XP level 3. HP: 28/33 MP: 3/3
   219 | D:4      | Reached XP level 4. HP: 23/42 MP: 4/4
   262 | D:4      | Found Juseira's Assorted Antiques.
   296 | D:4      | Noticed Sigmund
   311 | D:4      | Killed Sigmund
   311 | D:4      | Reached skill level 4 in Axes
   311 | D:4      | Reached XP level 5. HP: 33/49 MP: 5/5
   311 | D:4      | Reached XP level 6. HP: 38/56 MP: 6/6
   539 | D:4      | Noticed a yak
   540 | D:4      | Noticed a yak
   540 | D:4      | Noticed a yak
   563 | D:4      | Killed a yak
   563 | D:4      | Reached skill level 5 in Axes
   574 | D:4      | Killed a yak
   574 | D:4      | Reached skill level 5 in Armour
   574 | D:4      | Reached skill level 5 in Shields
   574 | D:4      | Reached XP level 7. HP: 36/64 MP: 7/7
   584 | D:4      | Killed a yak
   584 | D:4      | Reached skill level 6 in Axes
   677 | D:4      | Found a hide-covered altar of Uskayaw.
  1061 | D:5      | Entered Level 5 of the Dungeon
  1070 | D:5      | Noticed Pikel
  1111 | D:5      | Killed Pikel
  1111 | D:5      | Reached skill level 7 in Axes
  1111 | D:5      | Reached XP level 8. HP: 71/73 MP: 6/6
  1117 | D:5      | Found an opulent altar of Gozag.
  1212 | D:5      | Reached skill level 5 in Fighting
  1283 | D:5      | Found a large runed translucent door.
  1285 | D:5      | Found a large runed translucent door.
  1285 | D:5      | Noticed Lanoc's ghost (weakling GnDe)
  1515 | D:5      | Noticed Prince Ribbit
  1521 | D:5      | Killed Prince Ribbit
  1521 | D:5      | Reached skill level 8 in Axes
  1530 | D:5      | Found a runed translucent door.
  1530 | D:5      | Noticed Grinder
  1531 | D:5      | Noticed Crazy Yiuf
  1642 | D:5      | Found a white marble altar of Elyvilon.
  1997 | D:5      | Killed Lanoc's ghost
  2106 | D:5      | Killed Crazy Yiuf
  2117 | D:5      | Killed Grinder
  2117 | D:5      | Gained mutation: You passively map the area around you.
                  | [Deep Dwarf growth]
  2117 | D:5      | Reached XP level 9. HP: 81/81 MP: 5/5
  2189 | D:6      | Noticed Blork the orc
  2196 | D:6      | Killed Blork the orc
  2214 | D:6      | Found a staircase to the Ecumenical Temple.
  2266 | Temple   | Entered the Ecumenical Temple
  2320 | Temple   | Became a worshipper of Makhleb the Destroyer
  2404 | D:6      | Found Pyrchuidi's Antique Armour Emporium.
  2518 | D:6      | Found an ancient bone altar of Kikubaaqudgha.
  2646 | D:6      | Reached skill level 1 in Invocations
  2655 | D:6      | Reached skill level 9 in Axes
  2691 | D:6      | Found a shattered altar of Ashenzari.
  3024 | D:4      | Bought a scroll labeled NUKUT SIGUM for 23 gold pieces
  3024 | D:4      | Bought a scroll labeled NOAREO HOLO BEVIVU for 23 gold
                  | pieces
  3024 | D:4      | Bought a scroll labeled JIOSAL ZAEPHU for 23 gold pieces
  3200 | D:7      | Found Puhixtiu's Elemental Accessories.
  3373 | D:7      | Found a bloodstained altar of Trog.
  3663 | D:7      | Found a bloodstained altar of Trog.
  3772 | D:8      | Reached * piety under Makhleb
  3957 | D:8      | Found a stormy altar of Qazlal.
  4176 | D:8      | Noticed a two-headed ogre
  4207 | D:8      | HP: 4/82 [two-headed ogre/+0 giant club (5)]
  4213 | D:8      | Killed a two-headed ogre
  4213 | D:8      | Reached skill level 10 in Axes
  4213 | D:8      | Reached XP level 10. HP: 30/92 MP: 1/1
  4347 | D:9      | Noticed a two-headed ogre
  4357 | D:9      | HP: 3/92 [two-headed ogre/+0 giant club (16)]
  4358 | D:9      | Slain by an ogre

Illustrated notes

Levels and vault maps discovered:
D:1:      dpeg_arrival_stone_temple_mockup, layout_basic
D:2:      layout_loops_cross, regret_index_temple_of_mockery,
          lemuel_round_altar, chequers_ecumenical_altar_grove,
          minmay_misc_feat_four_crosses, minmay_tromino_v7
D:3:      layout_loops_ring, nicolae_ru_the_path_less_chosen, serial_glass,
          glass_columns_b, glass_columns_a, elyvilon_altar_5, uniq_jessica
D:4:      layout_loops_corners, eat_drink_and_be_merry_uskayaw, serial_shops,
          nicolae_shop_overgrown_old_shop, small_statue_intersection,
          uniq_sigmund
D:5:      layout_loops_ring, old_standard_altar, nicolae_overflow_hidden_temple,
          ebering_ghost_disaster_area, uniq_crazy_yiuf_cottage, uniq_pikel,
          uniq_prince_ribbit1, uniq_grinder
D:6:      layout_basic, old_standard_altar, lemuel_crystal_altar,
          minmay_temple_entry_stoned_glass, serial_shops, shop,
          uniq_blork_the_orc
D:7:      kennysheep_steamy, layout_rooms, marbit_many_paths,
          nicolae_elemental_shop, bloody_trog
D:8:      layout_basic, nicolae_qazlal_general_emergency
D:9:      layout_basic, nemelex_xobeh_ov_fountains_minmay,
          vehumet_altar_wand_db, lair_entry_dummy
Temple:   compressed_dpeg_triangle_lava_temple

Skill      XL: |  1  2  3  4  5  6  7  8  9 10 |
---------------+-------------------------------+-----
Axes           | 3 4 5 7 8 10 | 10.1
Fighting       | 3 4 5 6 |  6.4
Armour         | 4 5 6 7 |  7.8
Shields        | 4 5 6 7 |  7.7
Invocations    | 3 4 |  4.0

Action                   |  1- 3 |  4- 6 |  7- 9 | 10-12 || total
-------------------------+-------+-------+-------+-------++-------
Melee: War axe           |    53 |    78 |   366 |    30 ||   527
 Abil: Heal Wounds       |       |     4 |    28 |     1 ||    33
  Use: Scroll            |       |       |    15 |       ||    15
Armor: Scale mail        |    21 |    30 |   141 |       ||   192
       Plate armour      |       |       |    15 |    19 ||    34
Dodge: Dodged            |    27 |    18 |   111 |     5 ||   161
Block: Kite shield       |    32 |    44 |   207 |    19 ||   302

Table legend: (Time is in decaauts)
 A = Elapsed time spent in this place.
 B = Non-inter-level travel time spent in this place.
 C = Inter-level travel time spent in this place.
 D = Time resting spent in this place.
 E = Time spent auto-exploring this place.
 F = Levels seen in this place.
 G = Mean time per level.
                   A        B        C        D        E       F      G
               +--------+--------+--------+--------+--------+-----+--------+
         Total |   4468 |   4081 |    387 |      4 |   3125 |  10 |  446.8 |
       Dungeon |   4403 |   4026 |    377 |      4 |   3075 |   9 |  489.2 |
        Temple |     65 |     55 |     10 |      0 |     50 |   1 |   65.0 |
               +--------+--------+--------+--------+--------+-----+--------+

Top non-repeatable levels by time:
     D:5: 1224 daAuts
     D:4: 960 daAuts
     D:6: 755 daAuts
     D:7: 646 daAuts
     D:8: 558 daAuts
     D:1: 147 daAuts
     D:9: 74 daAuts
  Temple: 65 daAuts
     D:3: 19 daAuts
     D:2: 17 daAuts
